 Dungeon Crawl Stone Soup version 0.29.1-1-gd02db6906a (webtiles) character file.

Game seed: 6545895454918905677

176669 Zeld the Slayer (level 17, -7/264 HPs)
             Began as a Minotaur Berserker on Sept 30, 2022.
             Was a High Priest of Trog.
             Killed from afar by a deep elf zephyrmancer (17 damage)
             ... with a bolt of lightning
             ... on level 2 of the Orcish Mines on Oct 6, 2022.
             The game lasted 01:35:00 (60820 turns).

Zeld the Slayer (Minotaur Berserker)               Turns: 60820, Time: 01:35:01

Health: -7/264     AC: 27    Str: 39 (41) XL:     17   Next: 24%
Magic:  0/16       EV:  8    Int:  0 (3)  God:    Trog [*****.]
Gold:   357        SH:  5    Dex:  7 (9)  Spells: 16/16 levels left

rFire   + + +      SeeInvis +   a - +3 broad axe (flame)
rCold   + . .      Faith    .   c - +0 kite shield
rNeg    . . .      Spirit   +   l - +5 plate armour {Will+}
rPois   +          Reflect  .   o - +0 hat {SInv}
rElec   .          Harm     .   D - scarf {rC+ rF+}
rCorr   +          Rampage  .   F - +1 pair of gloves
Will    +++..                   B - +0 pair of boots
Stlth   ..........              R - amulet of the Enchanting Fool {Spirit rPois rF+ Str+8 Dex-5}
HPRegen 0.54/turn               d - ring of Ivvi {rPois rCorr Dex+4}
MPRegen 0.15/turn               p - ring "Kaeseveu" {Drain rPois rF+++ Will+ rCorr}

@: berserking (expiring), slowed, lost intelligence, studying Evocations, unable
to read
A: horns 2, retaliatory headbutt, fire resistance 1, strong 1, MP-powered wands
}: 1/15 runes: decaying
a: Renounce Religion, Berserk, Trog's Hand, Brothers in Arms


You were on level 2 of the Orcish Mines.
You worshipped Trog.
Trog was extremely pleased with you.
You visited 8 branches of the dungeon, and saw 31 of its levels.
You visited 1 bazaar.
You also visited: Ice Cave and Volcano.

You collected 3194 gold pieces.
You spent 2837 gold pieces at shops.

Inventory:

Hand Weapons
 a - a +3 broad axe of flaming (weapon)
 b - the +7 demon blade of Untimely Demise {venom, Contam rElec rN+ Int+2}
   (You took it off a centaur warrior on level 11 of the Dungeon)

   It poisons the flesh of those it strikes.
   Int:       It affects your intelligence (+2).
   rElec:     It insulates you from electricity.
   rN:        It protects you from negative energy.
   Contam:    It causes magical contamination when unequipped.
Missiles
 g - 36 poisoned darts (quivered)
 x - 13 boomerangs
 J - 7 curare-tipped darts
 L - 2 atropa-tipped darts
 X - 5 silver boomerangs
Armour
 c - a +0 kite shield (worn)
 l - a +5 plate armour of willpower (worn)
 o - a +0 hat of see invisible (worn)
 B - a +0 pair of boots (worn)
 D - a scarf of resistance (worn)
 F - a +1 pair of gloves (worn)
Jewellery
 d - the ring of Ivvi (left hand) {rPois rCorr Dex+4}
   (You found it in an ice cave)

   [ring of poison resistance]

   Dex:       It affects your dexterity (+4).
   rPois:     It protects you from poison.
   rCorr:     It protects you from acid and corrosion.
 p - the ring "Kaeseveu" (right hand) {Drain rPois rF+++ Will+ rCorr}
   (You bought it in a shop on level 2 of the Orcish Mines)

   [ring of willpower]

   rF:        It renders you almost immune to fire.
   rPois:     It protects you from poison.
   rCorr:     It protects you from acid and corrosion.
   Drain:     It drains your maximum health when unequipped.
   Will:      It increases your willpower.
 t - the amulet of the Princess {Faith rElec rCorr Stlth+}
   (You found it on level 15 of the Dungeon)

   [amulet of faith]

   It allows you to gain divine favour quickly.
   rElec:     It insulates you from electricity.
   rCorr:     It protects you from acid and corrosion.
   Stlth:     It makes you more stealthy.
 R - the amulet of the Enchanting Fool (around neck) {Spirit rPois rF+ Str+8 Dex-5}
   (You bought it in a shop in a bazaar)

   [amulet of guardian spirit]

   It causes incoming damage to be divided between your reserves of health and
   magic.
   Str:       It affects your strength (+8).
   Dex:       It affects your dexterity (-5).
   rF:        It protects you from fire.
   rPois:     It protects you from poison.
 Y - the ring of Shadows {Umbra +Inv Stlth+}
   (You bought it in a shop in a bazaar)

   [ring of stealth]

   It surrounds you with an aura of shadow, increasing your stealth and reducing
   the accuracy of all others within it.
   +Inv:      It lets you turn invisible.
   Stlth:     It makes you more stealthy.
Wands
 y - a wand of iceblast (39)
 E - a wand of paralysis (12)
 I - a wand of flame (55)
 K - a wand of polymorph (8)
 P - a wand of mindburst (16)
 Q - a wand of acid (5)
 T - a wand of digging (15)
Scrolls
 e - 2 scrolls of enchant armour
 h - 11 scrolls of teleportation
 i - 10 scrolls of fog
 k - 6 scrolls of poison
 r - 5 scrolls of fear
 v - a scroll of magic mapping
 C - 5 scrolls of blinking
 G - a scroll of enchant weapon
 O - a scroll of identify
Potions
 f - 3 potions of resistance
 j - 4 potions of berserk rage
 m - 4 potions of haste
 q - 7 potions of heal wounds
 s - 3 potions of invisibility
 w - 7 potions of flight
 z - 2 potions of ambrosia
 M - 3 potions of cancellation {unknown}
 N - a potion of magic {unknown}
 U - 3 potions of curing
 V - 3 potions of might
Miscellaneous
 u - a phantom mirror
 A - a lightning rod (4/4)
 H - a box of beasts
 W - a phial of floods


   Skills:
 * Level 21.9 Fighting
 - Level 20.0 Axes
 + Level 18.1 Armour
 * Level 4.5 Dodging
 * Level 14.6 Evocations


You had 16 spell levels left.
You didn't know any spells.
Your spell library was empty.

Dungeon Overview and Level Annotations

Branches:
Dungeon (15/15)            Temple (1/1) D:4            Lair (5/5) D:8
  Swamp (4/4) Lair:2       Spider (2/4) Lair:2        Slime (1/5) Lair:5
    Orc (2/2) D:9             Elf (1/3) Orc:2        Vaults (0/5) D:14
 Depths (0/4) D:15          IceCv (visited)         Volcano (visited)

Altars:
Ashenzari
Cheibriados
Dithmenos
Elyvilon
Fedhas
Gozag
Hepliaklqana
Kikubaaqudgha
Makhleb
Nemelex Xobeh
Okawaru
Qazlal
Ru
Sif Muna
Trog
Uskayaw
Vehumet
Wu Jian
Xom
Yredelemnul
Zin
The Shining One
Jiyva

Shops:
D:1 *   Orc:2 =:?*

Annotations:
Lair:4 3 runed translucent doors


Innate Abilities, Weirdness & Mutations

You have a pair of horns on your head.
You reflexively headbutt those who attack you in melee.
Your flesh is heat resistant. (rF+)
Your muscles are strong. (Str +4, Int/Dex -1)
You expend magic power (3 MP) to strengthen your wands.


Message History

There is a staircase to the Elven Halls here.
You cannot read scrolls in your current state!
Okay, then.
A red film seems to cover your vision as you go berserk!
You feel yourself moving faster!
You feel mighty!
The deep elf zephyrmancer mumbles some strange words.
The deep elf zephyrmancer blinks!
The deep elf pyromancer points at you and mumbles some strange words.
You block the sticky flame.
The deep elf zephyrmancer hits you but does no damage.
The deep elf zephyrmancer casts a spell.
The deep elf zephyrmancer blinks!
You carve the deep elf zephyrmancer like a ham!!!
You burn the deep elf zephyrmancer!
You kill the deep elf zephyrmancer!
Trog accepts your kill.
Trog appreciates your killing of a magic user.
You barely miss the deep elf pyromancer.
The deep elf pyromancer points at you and mumbles some strange words.
The bolt of fire hits you. You resist.
* * * LOW HITPOINT WARNING * * *
Unknown command.
Unknown command.
You slice the deep elf pyromancer!! You burn the deep elf pyromancer!
Your headbutt misses the deep elf pyromancer.
The deep elf pyromancer is severely wounded.
The deep elf pyromancer hits you but does no damage.
Unknown command.
You slice the deep elf pyromancer!! You burn the deep elf pyromancer.
You kill the deep elf pyromancer!
Trog accepts your kill.
Trog appreciates your killing of a magic user.
Unknown command.
Unknown command.
Things that are here:
a +0 dagger; an elf corpse You feel a strong urge to attack something.
The deep elf zephyrmancer points at you and mumbles some strange words.
The bolt of lightning hits you!!
You die...

#.#........###.......#.##
##...........#....#...###
##.................#.....#
####..<...............#.....#
##..#...#####..........#......
#....))[[## #.........###.....
####.[<)..# #.........####....
###[[..###..........###....
#.)).##.@.........##.....
#.....#.)..#......#......
#....[))>.###.#.........#
##.#.[....# #####......##
#######.....## #.....###
##..###......# ##..####.
#....#.....### #.#####.
##.......#e#### #.# #...
#.........###.#### #####...


You could see a deep elf zephyrmancer.

Vanquished Creatures
  the Lernaean hydra (Swamp:4)
  Gastronok (D:8)
  A thorn hunter (Swamp:1)
  Kirke (D:12)
  Agnes (D:14)
  An azure jelly (IceCv)
  A ghost moth (Spider:1)
  2 ghouls (Swamp:3)
  A broodmother (Spider:2)
  Nessos (D:13)
  2 quicksilver oozes (IceCv)
  4 eleionomae
  2 bunyips
  Azrael (D:12)
  A fire dragon (D:15)
  23 hydras
  6 boulder beetles
  A spriggan air mage (Swamp:4)
  2 ogre magi (D:15)
  2 catoblepae (Lair:5)
  5 ghost crabs
  An ice dragon (D:15)
  A death knight (D:11)
  20 two-headed ogres
  5 alligators
  4 centaur warriors
  A tengu warrior (D:14)
  3 death yaks (Lair:5)
  4 orc high priests (Orc:2)
  2 spriggan berserkers
  A deep elf knight (D:13)
  4 goliath frogs
  2 pharaoh ants (Spider:1)
  2 steelbarb worms
  10 swamp dragons
  3 bog bodies
  A deep elf archer (D:13)
  2 spriggan druids
  7 orc knights
  3 deep elf pyromancers
  A lindwurm (Lair:4)
  A deep elf zephyrmancer (Orc:2)
  7 cyclopes
  8 ugly things
  4 orc sorcerers
  4 manticores
  5 wolf spiders
  An oklob plant (Lair:5)
  6 black mambas
  A moth of wrath (shapeshifter) (D:11)
  2 will-o-the-wisps
  14 elephants
  Joseph (D:7)
  2 ice statues (IceCv)
  4 torpor snails
  13 cane toads
  3 unseen horrors
  3 rime drakes (Lair:1)
  2 tengu conjurers
  An efreet (D:11)
  2 freezing wraiths (D:14)
  A kobold demonologist (D:11)
  8 komodo dragons
  Psyche (D:9)
  5 demonic crawlers
  7 trolls
  2 red devils (Volcano)
  A bloated husk (Swamp:1)
  5 polar bears
  A polar bear (shapeshifter) (D:11)
  7 tarantellas
  8 tyrant leeches
  8 hornets
  13 slime creatures
  8 blink frogs
  2 dream sheep (Lair:5)
  10 jumping spiders
  2 vampires
  9 culicivoras
  A shadow (D:11)
  A centaur simulacrum (D:14)
  2 wraiths
  9 spriggans
  32 yaks
  4 wyverns
  2 fire elementals (D:11)
  5 hogs
  16 humans
  8 basilisks
  Eustachio (D:3)
  37 redbacks
  11 vampire mosquitoes
  2 wargs
  13 swamp worms
  An acid dragon (D:13)
  3 hell hounds
  12 water moccasins
  4 swamp drakes
  25 orc warriors
  3 black bears
  2 great orb of eyes simulacra (IceCv)
  10 centaurs
  11 ogres
  18 wolves
  A phantom (D:5)
  3 slime creature simulacra (IceCv)
  A kobold brigand (D:8)
  A necrophage (D:5)
  A wyvern zombie (D:6)
  15 bullfrogs
  7 scorpions
  7 wights
  4 glowing shapeshifter simulacra (IceCv)
  A wyvern skeleton (D:6)
  A vampire bat (Lair:2)
  4 howler monkeys
  A centaur zombie (D:6)
  A hound (D:7)
  18 orc priests
  A bullfrog zombie (D:6)
  A gnoll bouda (D:10)
  A centaur skeleton (D:6)
  2 jellies
  A bullfrog skeleton (D:6)
  6 iguanas
  Natasha (thrice) (D:4)
  26 orc wizards
  4 shapeshifter simulacra (IceCv)
  4 adders
  18 gnolls
  4 white imps
  3 dart slugs
  4 worms
  72 orcs
  2 endoplasms (D:3)
  4 giant cockroaches
  5 goblins
  9 hobgoblins
  4 jackals (D:4)
  16 kobolds
  3 quokkas
  9 ball pythons
  9 bats
  3 frilled lizards
  4 rats
  2 butterflies (Lair:3)
838 creatures vanquished.

Vanquished Creatures (collateral kills)
  A ghost moth (Spider:2)
  A ghoul (Swamp:3)
  A hydra (D:11)
  A bog body (Swamp:1)
  A tarantella (Lair:2)
  A jumping spider (Spider:2)
  2 redbacks (Lair:2)
8 creatures vanquished.

Vanquished Creatures (others)
  An eldritch tentacle (Swamp:4)
  A shambling mangrove (Swamp:4)
  A bog body (Swamp:1)
  A swamp dragon (Swamp:4)
  3 bloated husks
  A spriggan (Swamp:1)
  An acid dragon (D:11)
  2 orc priests (Orc:2)
  2 orc wizards
  2 orcs (Orc:2)
  12 foxfires
  38 fungi
  100 plants
  2 withered plants (D:6)
167 creatures vanquished.

Grand Total: 1013 creatures vanquished

Notes
Turn   | Place    | Note
-------+----------+-------------------------------------------
     0 | D:1      | Zeld the Minotaur Berserker began the quest for the Orb.
     0 | D:1      | Reached XP level 1. HP: 19/19 MP: 0/0
    61 | D:1      | Found Viull's General Store.
   267 | D:1      | Reached XP level 2. HP: 25/27 MP: 1/1
  1304 | D:2      | Reached skill level 4 in Fighting
  1463 | D:2      | Reached XP level 3. HP: 30/33 MP: 2/2
  1609 | D:2      | Reached ** piety under Trog
  2042 | D:3      | Reached skill level 5 in Axes
  2042 | D:3      | Reached XP level 4. HP: 8/41 MP: 0/3
  3159 | D:3      | Reached XP level 5. HP: 38/47 MP: 1/4
  3370 | D:4      | Noticed Natasha
  3381 | D:4      | Killed Natasha
  3663 | D:4      | Noticed Eustachio
  3668 | D:4      | Reached *** piety under Trog
  3706 | D:3      | Killed Eustachio
  3707 | D:3      | Reached skill level 5 in Fighting
  3707 | D:3      | Reached XP level 6. HP: 6/56 MP: 1/5
  4237 | D:4      | Found a shimmering altar of Xom.
  4237 | D:4      | Found a blossoming altar of Fedhas.
  4238 | D:4      | Found an iron altar of Okawaru.
  4298 | D:4      | Noticed Natasha
  4312 | D:4      | Killed Natasha
  4523 | D:4      | Noticed Natasha
  4529 | D:4      | Killed Natasha
  4673 | D:4      | Reached skill level 5 in Armour
  4673 | D:4      | Reached XP level 7. HP: 62/62 MP: 6/6
  4696 | D:4      | Found a staircase to the Ecumenical Temple.
  4702 | Temple   | Entered the Ecumenical Temple
  5038 | D:4      | Found a shadowy altar of Dithmenos.
  5280 | D:5      | Entered Level 5 of the Dungeon
  5539 | D:5      | Reached skill level 6 in Fighting
  5809 | D:5      | Found a hazy altar of Hepliaklqana.
  6325 | D:6      | Reached XP level 8. HP: 52/71 MP: 5/7
  6808 | D:6      | Reached skill level 7 in Fighting
  7063 | D:6      | Noticed a two-headed ogre
  7080 | D:6      | Killed a two-headed ogre
  7081 | D:6      | Reached skill level 10 in Axes
  7081 | D:6      | Reached XP level 9. HP: 81/81 MP: 6/8
  7104 | D:6      | Reached skill level 8 in Fighting
  7463 | D:7      | Noticed Joseph
  7484 | D:7      | Killed Joseph
  7749 | D:7      | Identified the +1 robe "Vivaekoc" {Rampage Int+5}
  8061 | D:7      | Reached **** piety under Trog
  8561 | D:7      | Reached skill level 9 in Fighting
  9196 | D:8      | Reached XP level 10. HP: 70/91 MP: 7/9
  9550 | D:8      | Identified the +6 ring mail of Conscience {*Slow rPois
                  | Str+8 SInv}
  9561 | D:8      | Found a staircase to the Lair.
  9707 | D:8      | Reached ***** piety under Trog
  9719 | D:8      | Noticed Gastronok
  9807 | D:8      | Killed Gastronok
  9808 | D:8      | Reached skill level 10 in Fighting
 10360 | D:8      | Reached skill level 10 in Armour
 11231 | D:9      | Reached XP level 11. HP: 101/101 MP: 10/10
 11259 | D:9      | Noticed a two-headed ogre
 11413 | D:9      | Killed a two-headed ogre
 11414 | D:9      | Reached skill level 11 in Fighting
 11913 | D:9      | Found a staircase to the Orcish Mines.
 11959 | D:9      | Noticed Psyche
 11976 | D:9      | Killed Psyche
 11991 | D:9      | Reached skill level 15 in Axes
 12150 | D:10     | Entered Level 10 of the Dungeon
 12306 | D:10     | Noticed a two-headed ogre
 12322 | D:10     | Killed a two-headed ogre
 12626 | D:10     | Noticed a two-headed ogre
 12630 | D:10     | Killed a two-headed ogre
 12843 | D:10     | Received a gift from Trog
 12902 | D:10     | Noticed a two-headed ogre
 12912 | D:10     | Killed a two-headed ogre
 13444 | D:11     | Identified a scroll of acquirement
 13498 | D:11     | Found a frozen archway.
 13502 | IceCv    | Entered an ice cave
 13507 | IceCv    | Acquired a manual of Fighting
 14657 | IceCv    | Reached skill level 12 in Fighting
 15164 | IceCv    | Noticed a quicksilver ooze
 15177 | IceCv    | Killed a quicksilver ooze
 16520 | IceCv    | Found a viscous altar of Jiyva.
 16520 | IceCv    | Noticed an azure jelly
 16532 | IceCv    | Killed an azure jelly
 16781 | IceCv    | Noticed a quicksilver ooze
 16800 | IceCv    | Killed a quicksilver ooze
 16801 | IceCv    | Reached skill level 13 in Fighting
 16801 | IceCv    | Reached XP level 12. HP: 78/115 MP: 0/11
 17120 | IceCv    | Identified the ring of Ivvi {rPois rCorr Dex+4}
 17128 | IceCv    | Got the ring "Peygo" {Ice rElec}
 17130 | IceCv    | Identified the amulet of Riyghal {RegenMP -Tele Dex+5}
 17247 | D:11     | Noticed a four-headed hydra
 17611 | D:11     | Noticed a boulder beetle
 17627 | D:11     | Killed a boulder beetle
 17805 | D:11     | Noticed a two-headed ogre
 17805 | D:11     | Noticed a two-headed ogre
 17809 | D:11     | Killed a two-headed ogre
 17817 | D:11     | Noticed a death knight
 17818 | D:11     | Killed a two-headed ogre
 17819 | D:11     | Identified the +7 demon blade of Untimely Demise {venom,
                  | Contam rElec rN+ Int+2}
 17819 | D:11     | Noticed a centaur warrior
 18423 | D:11     | Reached skill level 14 in Fighting
 18637 | Lair:1   | Entered Level 1 of the Lair of Beasts
 18940 | Lair:1   | Noticed a five-headed hydra
 18992 | Lair:1   | Killed a five-headed hydra
 19813 | Lair:2   | Reached skill level 15 in Fighting
 19874 | Lair:2   | Noticed a six-headed hydra
 19886 | Lair:2   | Killed a six-headed hydra
 19889 | Lair:2   | Noticed a five-headed hydra
 20199 | Lair:2   | Reached skill level 1 in Evocations
 20798 | Orc:1    | Entered Level 1 of the Orcish Mines
 21017 | Orc:2    | Entered Level 2 of the Orcish Mines
 21017 | Orc:2    | Noticed an orc high priest
 21084 | Orc:2    | Killed an orc high priest
 21085 | Orc:2    | Reached XP level 13. HP: 119/127 MP: 4/12
 22139 | Orc:2    | Found a staircase to the Elven Halls.
 23074 | Orc:2    | Received a gift from Trog
 24303 | Orc:2    | Paralysed by an orc sorcerer for 3 turns
 24696 | Orc:2    | Reached skill level 16 in Fighting
 24707 | Orc:2    | Found Vawk's Jewellery Emporium.
 24707 | Orc:2    | Found Emaggi's General Store.
 24709 | Orc:2    | Found Piroym's Book Emporium.
 24709 | Orc:2    | Found Likhokud's Magic Scroll Shop.
 24818 | Orc:2    | Bought the ring "Kaeseveu" {Drain rPois rF+++ Will+ rCorr}
                  | for 1281 gold pieces
 24821 | Orc:2    | Bought a scroll of identify for 28 gold pieces
 24821 | Orc:2    | Bought a scroll of identify for 28 gold pieces
 24823 | Orc:2    | Bought a potion of curing for 45 gold pieces
 24823 | Orc:2    | Bought a scroll of identify for 30 gold pieces
 25422 | D:11     | Identified the +8 battleaxe "Uskaf" {freeze, rF- rN+++
                  | Will- Str+2}
 26101 | D:11     | Reached skill level 5 in Evocations
 27050 | D:12     | Noticed Kirke
 28244 | D:12     | Found a blossoming altar of Fedhas.
 28353 | D:12     | Noticed Azrael
 28853 | Lair:2   | Found a hole to the Spider Nest.
 29581 | Lair:2   | Found a staircase to the Swamp.
 29756 | Lair:3   | Reached XP level 14. HP: 138/138 MP: 13/13
 30306 | Lair:3   | Reached skill level 17 in Fighting
 30534 | Lair:3   | Identified the +9 long sword of the Lesser Evil {speed,
                  | Will+++ MP-9}
 31397 | Lair:4   | Found a dark tunnel.
 31402 | Volcano  | Entered a volcano
 31787 | Lair:4   | Found a runed translucent door.
 32649 | Lair:4   | Identified the +7 whip "Karik" {antimagic, rF+}
 32652 | Lair:4   | Found a runed translucent gate.
 32652 | Lair:4   | Found a runed translucent gate.
 32652 | Lair:4   | Found a runed translucent gate.
 32652 | Lair:4   | Found a runed translucent gate.
 32653 | Lair:4   | Found a runed translucent gate.
 32654 | Lair:4   | Found a runed translucent gate.
 32761 | Lair:5   | Entered Level 5 of the Lair of Beasts
 33333 | Lair:5   | Reached skill level 15 in Armour
 33436 | Lair:5   | Reached skill level 18 in Fighting
 34061 | D:12     | Noticed a sphinx
 34276 | D:12     | Killed Kirke
 34566 | D:12     | Killed Azrael
 35353 | D:13     | Noticed Nessos
 36436 | D:13     | Killed Nessos
 37473 | Orc:2    | Bought a scroll of identify for 30 gold pieces
 37473 | Orc:2    | Bought a potion of might for 60 gold pieces
 37473 | Orc:2    | Bought a scroll of poison for 60 gold pieces
 37473 | Orc:2    | Bought a potion of invisibility for 120 gold pieces
 37475 | Orc:2    | Bought a scroll of blinking for 105 gold pieces
 38011 | D:14     | Found a gate to the Vaults.
 38413 | D:14     | Reached XP level 15. HP: 151/151 MP: 14/14
 38415 | D:14     | Reached skill level 19 in Fighting
 38540 | D:14     | Reached skill level 10 in Evocations
 38974 | D:14     | Noticed Agnes
 38984 | D:14     | Killed Agnes
 39977 | Orc:2    | Bought a scroll of enchant armour for 105 gold pieces
 41996 | Lair:5   | Found a viscous altar of Jiyva.
 42004 | Lair:5   | Found a staircase to the Slime Pits.
 42045 | Slime:1  | Entered Level 1 of the Pits of Slime
 42527 | Swamp:1  | Entered Level 1 of the Swamp
 43153 | Swamp:1  | Gained mutation: Your flesh is heat resistant. (rF+)
                  | [potion of mutation]
 43155 | Swamp:1  | Lost mutation: Your flesh is heat resistant. (rF+) [potion
                  | of mutation]
 43155 | Swamp:1  | Gained mutation: Your flesh is heat resistant. (rF+)
                  | [potion of mutation]
 43155 | Swamp:1  | Gained mutation: Your muscles are strong. (Str +4, Int/Dex
                  | -1) [potion of mutation]
 43155 | Swamp:1  | Gained mutation: You sometimes lose your temper in combat.
                  | [potion of mutation]
 43155 | Swamp:1  | Gained mutation: You have hidden genetic potential. [potion
                  | of mutation]
 43156 | Swamp:1  | Lost mutation: Your muscles are strong. (Str +4, Int/Dex
                  | -1) [potion of mutation]
 43156 | Swamp:1  | Lost mutation: You sometimes lose your temper in combat.
                  | [potion of mutation]
 43156 | Swamp:1  | Lost mutation: You have hidden genetic potential. [potion
                  | of mutation]
 43156 | Swamp:1  | Gained mutation: You are occasionally teleported next to
                  | monsters. [potion of mutation]
 43156 | Swamp:1  | Gained mutation: You are somewhat resistant to further
                  | mutation. [potion of mutation]
 43157 | Swamp:1  | Lost mutation: You are occasionally teleported next to
                  | monsters. [potion of mutation]
 43157 | Swamp:1  | Lost mutation: You are somewhat resistant to further
                  | mutation. [potion of mutation]
 43157 | Swamp:1  | Gained mutation: Your muscles are strong. (Str +4, Int/Dex
                  | -1) [potion of mutation]
 43157 | Swamp:1  | Gained mutation: You expend magic power (3 MP) to
                  | strengthen your wands. [potion of mutation]
 44174 | Swamp:1  | Noticed a thorn hunter
 44854 | Swamp:1  | Killed a thorn hunter
 45941 | Swamp:3  | Reached skill level 20 in Fighting
 47003 | Swamp:3  | Reached XP level 16. HP: 123/159 MP: 15/15
 48148 | Swamp:3  | Identified the +8 short sword of the Spectre {holy, +Blink
                  | Dex+4}
 48207 | Swamp:4  | Entered Level 4 of the Swamp
 50716 | Swamp:4  | Noticed the 27-headed Lernaean hydra
 52520 | Swamp:4  | Killed the 21-headed Lernaean hydra
 52521 | Swamp:4  | Reached skill level 21 in Fighting
 53399 | Swamp:4  | Got a decaying rune of Zot
 54004 | D:15     | Entered Level 15 of the Dungeon
 54465 | D:15     | Found a gateway to a bazaar.
 54540 | Bazaar   | Entered a bazaar
 54540 | Bazaar   | Found Juvos's Jewellery Shop.
 54540 | Bazaar   | Found Zafus's Antique Weapon Shop.
 54540 | Bazaar   | Found Enahobiadwi's Antique Weapon Boutique.
 54665 | Bazaar   | Bought the amulet of the Enchanting Fool {Spirit rPois rF+
                  | Str+8 Dex-5} for 545 gold pieces
 54665 | Bazaar   | Bought the ring of Shadows {Umbra +Inv Stlth+} for 400 gold
                  | pieces
 54665 | Bazaar   | Found the ring of Shadows {Umbra +Inv Stlth+}
 55419 | D:15     | Identified the amulet of the Princess {Faith rElec rCorr
                  | Stlth+}
 55729 | D:15     | Found a staircase to the Depths.
 55986 | Spider:1 | Entered Level 1 of the Spider Nest
 56637 | Lair:2   | Acquired a manual of Evocations
 56754 | Spider:1 | Reached XP level 17. HP: 144/161 MP: 11/16
 59913 | Spider:2 | Lost intelligence.
 60805 | Elf:1    | Entered Level 1 of the Elven Halls
 60813 | Elf:1    | HP: 5/176 [deep elf zephyrmancer/bolt of lightning (7)]
 60820 | Orc:2    | Killed from afar by a deep elf zephyrmancer

Illustrated notes

Levels and vault maps discovered:
D:1:      nzn_arrival_water_spiral, layout_loops_ring, serial_shops, shop,
          serial_bayou_lake_a
D:2:      layout_rooms, minmay_tiny_reverse_x
D:3:      layout_basic
D:4:      layout_layer_cave, mainiacjoe_overflow_catwalk,
          chequers_temple_overflow_statue_of_worship,
          minmay_temple_entry_offerings, uniq_eustachio, uniq_natasha
D:5:      layout_loops_corners, mainiacjoe_overflow_small_starburst
D:6:      layout_loops_cross, serial_undead, serial_undead_e, serial_undead_f,
          serial_undead_b, serial_undead_d
D:7:      layout_basic, minmay_misc_feat_pillars, uniq_joseph
D:8:      layout_basic, david_lair_generic, nrook_pool_corridor, uniq_gastronok
D:9:      layout_rooms, david_orc_3, uniq_psyche
D:10:     layout_basic, grunt_ogre_cave
D:11:     minmay_the_grid_triangle_9x9_rhombus_thin
          [minmay_the_grid_triangle_9x9_corruption,
          minmay_the_grid_triangle_9x9_prize_center,
          minmay_the_grid_triangle_9x9_from_above,
          minmay_the_grid_triangle_9x9_skeleton], layout_layer_cave, serial_ice,
          serial_ice_f, serial_ice_n, serial_ice_b, serial_ice_d,
          portal_ice_cave_entry_pillars_2, nrook_uturn, amethyst_killhole
D:12:     layout_layer_cave, fedhas_bush_and_centaur_altar, uniq_azrael,
          uniq_kirke
D:13:     layout_roguey, beargit_elvish_explorers, uniq_nessos
D:14:     layout_cave_pools, david_vaults_3, patterned_corridor, uniq_agnes
D:15:     grunt_enter_depths_hoard, layout_basic, serial_shops, bzr_entry_safe,
          minmay_misc_feat_rows
Temple:   minmay_temple_bridge_d
Lair:1:   layout_cave_pods, grunt_megastairs_2
Lair:2:   layout_loops_ring, palyth_hydra_swamp_entry,
          nicolae_spider_entry_non_spiders, roderic_batcave
Lair:3:   layout_chaotic_city, serial_forest, infiniplex_forest_split,
          infiniplex_forest_end_1, infiniplex_forest_lined_3,
          infiniplex_forest_clump_diagonal, infiniplex_forest_end_double,
          cheibrodos_lair_lostbears, lemuel_fruit_fields
Lair:4:   gammafunk_indiana_jones, layout_gridlike, enter_volcano_4,
          chequers_serial_rivers_micro_e
Lair:5:   hangedman_lair_in_review, layout_long_grid, dpeg_slime_entry_corner,
          grunt_megastairs_4
Swamp:1:  layout_falls_marsh, nicolae_swamp_triple_paths,
          infiniplex_staircase_pool_2
Swamp:2:  layout_basic_swamp, hangedman_swamp_ruin_wall
Swamp:3:  layout_basic_swamp, evilmike_swamp_ruin_house_5
Swamp:4:  swamp_alternative, layout_basic_swamp
Spider:1: layout_spider_delve
Spider:2: layout_spider_delve, nicolae_spider_baby_got_redback, uniq_arachne
Slime:1:  layout_caves, cheibrodos_slime_lost_civilization_6
Orc:1:    layout_caves
Orc:2:    grunt_orc_tribal_feast, layout_diamond_mine, basic_altar,
          david_defended_altar_orc
Elf:1:    eino_elf_arrival_sip, layout_loops_cross,
          nicolae_trove_entry_path_of_doom, serial_shops, nicolae_square_shop,
          orc_legates, nicolae_concentric_dashed_squares_wild, uniq_louise

Skill      XL: |  1  2  3  4  5  6  7  8  9 10 11 12 13 14 15 16 17 |
---------------+----------------------------------------------------+-----
Axes           | 4 5 6 7 8 10 12 14 16 18 19 20 | 20.0
Fighting       | 4 5 6 7 9 10 13 15 16 18 20 21 | 21.9
Armour         | 3 4 5 6 7 9 10 12 13 14 15 16 17 18 | 18.1
Evocations     | 2 6 9 12 14 | 14.6
Dodging        | 4 |  4.5

Action                   |  1- 3 |  4- 6 |  7- 9 | 10-12 | 13-15 | 16-18 || total
-------------------------+-------+-------+-------+-------+-------+-------++-------
Melee: Hand axe          |    58 |       |       |       |       |       ||    58
       Headbutt          |    14 |    23 |    62 |   125 |   266 |    92 ||   582
       Punch             |     1 |       |     4 |    10 |       |       ||    15
       Whip              |    22 |   131 |   341 |   259 |       |       ||   753
       Broad axe         |       |       |       |   240 |  1039 |   446 ||  1725
       Unarmed           |       |       |       |       |    10 |       ||    10
Throw: Dart              |       |     2 |       |     1 |     4 |       ||     7
Invok: Berserk           |       |     2 |     1 |    10 |    19 |     5 ||    37
       Trog's Hand       |       |     1 |       |       |       |       ||     1
       Brothers in Arms  |       |       |       |     2 |     4 |     3 ||     9
Evoke: Wand              |       |       |       |    15 |     6 |       ||    21
  Use: Scroll            |       |       |       |    16 |    22 |    11 ||    49
       Potion            |       |       |       |       |     9 |     1 ||    10
 Stab: Sleeping          |       |     1 |       |     4 |     2 |       ||     7
       Distracted        |       |       |       |       |     2 |       ||     2
       Paralysed         |       |       |       |       |     3 |       ||     3
Armor: Animal skin       |    13 |     4 |       |       |       |       ||    17
       Plate armour      |       |    89 |   239 |    27 |   344 |   646 ||  1345
       Ring mail         |       |       |       |   191 |   319 |       ||   510
       Skin              |       |       |       |       |     1 |       ||     1
Dodge: Dodged            |    52 |    62 |   107 |   237 |   434 |   283 ||  1175
Block: Kite shield       |       |       |       |    32 |   466 |   319 ||   817
       Reflection        |       |       |       |       |     9 |     2 ||    11
